 Dungeon Crawl Stone Soup version 0.32-a0-960-g3814254bd7 (webtiles) character file.

Game seed: 12171817857412556087

103 trashops the Chopper (level 4, -1/40 HPs)
             Began as a Mountain Dwarf Fighter on Apr 17, 2024.
             Killed by nerve-wracking pain
             ... invoked by an orc priest
              (8 damage)
             ... on level 3 of the Dungeon.
             The game lasted 00:03:28 (1939 turns).

trashops the Chopper (Mountain Dwarf Fighter)       Turns: 1939, Time: 00:03:28

Health: -1/40      AC: 12    Str: 21    XL:     4   Next: 51%
Magic:  4/4        EV: 10    Int:  8    God:
Gold:   94         SH:  0    Dex:  9    Spells: 3/3 levels left

rFire   + + .        a - +0 war axe
rCold   + . .        c - +0 buckler
rNeg    . . .        k - +0 plate armour
rPois   .            (no helmet)
rElec   .            o - scarf {rC+ rF+}
rCorr   .            n - +0 pair of gloves
SInv    .            (no boots)
Will    .....        (no amulet) Stlth
                     l - +5 ring of evasion
HPRegen 0.26/turn    m - ring of protection from fire
MPRegen 0.09/turn

%: no passive effects
@: confused
A: runic magic, artefact enchanting
a: Convert to Beogh


You were on level 3 of the Dungeon.
You visited 1 branch of the dungeon, and saw 3 of its levels.

You collected 94 gold pieces.

Inventory:

Hand Weapons
 a - a +0 war axe (weapon)
Armour
 b - a +0 scale mail
 c - a +0 buckler (worn)
 k - a +0 plate armour (worn)
 n - a +0 pair of gloves (worn)
 o - a scarf of resistance (worn)
Jewellery
 i - a ring of fire
 l - a +5 ring of evasion (left hand)
 m - a ring of protection from fire (right hand)
Scrolls
 f - a scroll of identify
 g - a scroll of fog
Potions
 d - a potion of might
 e - 4 potions of curing
 h - a potion of enlightenment


   Skills:
 * Level 3.9 Fighting
 * Level 4.5 Axes
 * Level 3.9 Armour
 + Level 3.6 Shields


You had 3 spell levels left.
You didn't know any spells.
Your spell library was empty.

Dungeon Overview and Level Annotations

Branches:
Dungeon (3/15)

Altars:


Innate Abilities, Weirdness & Mutations

Your spellcasting is much less encumbered by armour.
You can use scrolls of enchantment on lesser artefacts.


Message History

You feel less confused. You block the orc's attack.
You see here a +0 club.
The orc shouts!
You slash the orc priest!
The orc priest threatens, "Beogh's wrath is as vast as their mercy.
Make your choice!"
The orc priest is heavily wounded.
You barely miss the orc. You hit something.
The orc hits you but does no damage. Something hits you but does no damage.
You closely miss the orc priest.
The orc priest shouts, "The Pantheon deserves no one's loyalty.
Let us show you the true path!"
The orc priest is heavily wounded.
You hit the orc. x2; You closely miss something.
The orc priest shouts, "Beogh offers mercy even to people such as you.
Join us and be reborn!"
The orc priest invokes the aid of Beogh against you.
Beogh smites you!
* * * LOW HITPOINT WARNING * * *
You hear some strange, mumbled words.
You are confused.
The orc barely misses you.
You're too confused to move!
A hobgoblin comes into view.
The orc priest hits you but does no damage.
The orc hits you but does no damage. Something hits you but does no damage.
The orc barely misses you.
The hobgoblin shouts!
The orc attacks as it pursues you! The orc hits you but does no damage.
The orc priest misses you.
You barely miss the orc.
The orc is moderately wounded.
You barely miss the orc. You hit the orc.
You kill the orc!
You hit the orc priest. The orc barely misses you. x2
The orc hits you with a +0 dagger.
* * * LOW HITPOINT WARNING * * *
The orc priest hits you but does no damage.
The orc misses you. Something hits you but does no damage.
The orc priest mumbles some strange prayers to Beogh against you.
Pain shoots through your body!
You die...

#.... ..# #.#.###..
#####.#....##
......#..g..## #
##..)....##.#
#.........#.#
#o.).....(..#
#ooo......###
##.@.....##
##.....##
#....######
#.........#
###.#####.# #.#
#.###
#####.#####...######
#...........#.......
#.###.............#


You could see an orc priest, 3 orcs and a hobgoblin.

Vanquished Creatures
  An orc priest (D:3)
  An adder (D:2)
  3 dart slugs
  2 orcs (D:3)
  3 ball pythons (D:1)
  5 bats
  8 endoplasms
  2 giant cockroaches (D:1)
  4 goblins
  7 hobgoblins
  3 quokkas
  2 frilled lizards (D:1)
  4 kobolds
  8 rats
53 creatures vanquished.

Notes
Turn   | Place    | Note
-------+----------+-------------------------------------------
     0 | D:1      | trashops the Mountain Dwarf Fighter began the quest for the
                  | Orb.
     0 | D:1      | Reached XP level 1. HP: 19/19 MP: 1/1
   143 | D:1      | Reached XP level 2. HP: 25/26 MP: 2/2
   324 | D:1      | Reached skill level 3 in Axes
   475 | D:1      | Reached XP level 3. HP: 23/31 MP: 3/3
   567 | D:1      | Found a faded altar of an unknown god.
  1258 | D:2      | Reached skill level 4 in Axes
  1667 | D:2      | Reached XP level 4. HP: 40/40 MP: 4/4
  1939 | D:3      | Killed from afar by an orc priest

Illustrated notes

Levels and vault maps discovered:
D:1:      minmay_arrival_widening_spiral_wide, layout_basic,
          dreamdust_ecumenical_altar_sealed_demon
D:2:      layout_basic, serial_bayou, serial_bayou_shore_b, serial_bayou_pond_c,
          serial_bayou_lake_a, serial_bayou_pond_a
D:3:      layout_loops_ring, fedhas_altar_2, serial_shops, shop,
          nicolae_grassy_gnolls, uniq_sigmund, uniq_natasha

Skill      XL: |  1  2  3 |
---------------+----------+-----
Axes           | 3 4 |  4.5
Fighting       | |  3.9
Armour         | |  3.9
Shields        | |  3.6

Action                     |  1- 3 |  4- 6 || total
---------------------------+-------+-------++-------
  Melee: War axe           |   127 |    13 ||   140
    Use: Scroll            |       |     5 ||     5
 Armour: Scale mail        |    77 |       ||    77
         Plate armour      |    35 |    24 ||    59
  Dodge: Dodged            |    45 |    20 ||    65
  Block: Buckler           |    26 |     6 ||    32

Table legend: (Time is in decaauts)
 A = Elapsed time spent in this place.
 B = Non-inter-level travel time spent in this place.
 C = Inter-level travel time spent in this place.
 D = Time resting spent in this place.
 E = Time spent auto-exploring this place.
 F = Levels seen in this place.
 G = Mean time per level.
                   A        B        C        D        E       F      G
               +--------+--------+--------+--------+--------+-----+--------+
         Total |   2025 |   1947 |     78 |     50 |   1458 |   3 |  675.0 |
       Dungeon |   2025 |   1947 |     78 |     50 |   1458 |   3 |  675.0 |
               +--------+--------+--------+--------+--------+-----+--------+

Top non-repeatable levels by time:
     D:2: 1077 daAuts
     D:1: 866 daAuts
     D:3: 81 daAuts
